 Dungeon Crawl Stone Soup version 0.23-a0-473-gc8aadda (webtiles) character file.

1038 Firecrotchwizard the Sneak (level 8, -3/42 HPs)
             Began as a Vine Stalker Assassin on Nov 27, 2018.
             Was a Believer of Uskayaw.
             Succumbed to Edmund's poison
             ... on level 5 of the Dungeon on Nov 28, 2018.
             The game lasted 00:16:37 (5102 turns).

Firecrotchwizard the Sneak (Vine Stalker Assassin)  Turns: 5102, Time: 00:16:37

Health: -3/42      AC:  3    Str: 17 (20) XL:     8   Next: 24%
Magic:  14/18      EV: 11    Int: 10 (11) God:    Uskayaw [**....]
Gold:   230        SH:  0    Dex: 17      Spells: 7/7 levels left

rFire    . . .     SeeInvis .   t - +2 dagger (elec)
rCold    . . .     Gourm    .   (no shield)
rNeg     . . .     Faith    .   c - +0 robe
rPois    .         Spirit   +   (no helmet)
rElec    .         Reflect  .   d - +0 cloak
rCorr    .         Harm     .   (no gloves)
MR       +....                  (no boots)
Stlth    ++++......             (no amulet)
HPRegen  0.54/turn              p - ring of magical power {MP+9}
MPRegen  0.16/turn              (no ring)

@: mighty, lethally poisoned (-3 -> -37), hasted, very quick
A: fangs 3, regeneration 1, magic shield, antimagic bite, no potion heal 3, rot
immunity
a: Stomp, Line Pass, Renounce Religion


You were on level 5 of the Dungeon.
You worshipped Uskayaw.
Uskayaw was noncommittal.
You were hungry.

You visited 2 branches of the dungeon, and saw 6 of its levels.
You also visited: Sewer.

You collected 230 gold pieces.

Inventory:

Hand Weapons
 a - a +2 dagger of protection
   (You took it off a goblin on level 2 of the Dungeon)
 b - a +0 blowgun
 n - a +2 dagger
 t - a +2 dagger of electrocution (weapon)
   (You took it off an orc on level 4 of the Dungeon)
Missiles
 e - 12 poisoned needles
 f - 2 curare-tipped needles
Armour
 c - a +0 robe (worn)
 d - a +0 cloak (worn)
 w - a +0 scale mail
   (You found it on level 4 of the Dungeon)
Jewellery
 p - a ring of magical power (left hand) {MP+9}
   (You found it on level 3 of the Dungeon)
Wands
 q - a wand of flame (15)
   (You found it in a sewer)
 u - a wand of polymorph (8)
   (You took it off Eustachio on level 4 of the Dungeon)
 x - a wand of enslavement (10)
   (You found it on level 5 of the Dungeon)
Scrolls
 h - 6 scrolls of identify {unknown}
 i - 7 scrolls of teleportation {unknown}
 j - a scroll of magic mapping {unknown}
 k - 4 scrolls of amnesia {unknown}
 m - 2 scrolls of fog {unknown}
 s - 3 scrolls of immolation {unknown}
 v - a scroll of noise {unknown}
 y - a scroll of random uselessness {unknown}
Potions
 o - a potion of brilliance {unknown}
 A - a potion of berserk rage {unknown}
Comestibles
 g - 18 rations


   Skills:
 + Level 4.5 Fighting
 * Level 6.3 Short Blades
 - Level 1.7 Throwing
 - Level 0.7 Dodging
 - Level 7.4 Stealth
 + Level 1.2 Invocations


You had 7 spell levels left.
You didn't know any spells.
Your spell library was empty.

Dungeon Overview and Level Annotations

Branches:
Dungeon (5/15)             Temple (1/1) D:4

Altars:
Ashenzari
Cheibriados
Dithmenos
Elyvilon
Fedhas
Gozag
Kikubaaqudgha
Makhleb
Nemelex Xobeh
Okawaru
Qazlal
Ru
Trog
Uskayaw
Vehumet
Xom
Yredelemnul
Zin
The Shining One

Shops:
D:5 *

Annotations:
D:3 exclusions: 2 orcs, orc priest and orc warrior
D:5 3 runed doors, exclusion: 2 slaves, Pikel; pmoppi's ghost, novice VSFi


Innate Abilities, Weirdness & Mutations

You have razor-sharp teeth.
Your natural rate of healing is unusually fast.
When hurt, damage is shared between your health and your magic reserves.
Your bite disrupts and absorbs the magic of your enemies.
Potions cannot restore your health.
You are immune to rotting.


Message History

There is an open door here.
There is an open door here.
You see here a +0 club.
There is an open door here.
There is an open door here.
You see here a +0 club.
There is an open door here.
There is an open door here.
There is an open door here.
There is an open door here.
You see here a +0 club.
There is an open door here.
There is an open door here.
There is an open door here.
There is an open door here.
You see here a hand axe.
There is a stone staircase leading down here.
You climb downwards.
Level annotation: 3 runed doors, exclusion: 2 slaves, Pikel; pmoppi's ghost,
There is a stone staircase leading up here.
Found an opulent altar of Gozag.
Some of the chunks of flesh in your inventory have rotted away.
Found Gozag's Platinum Reserve.
There is an opulent altar of Gozag here.
There is an entrance to Gozag's Platinum Reserve here.
There is an opulent altar of Gozag here.
A frilled lizard comes into view.
All of the chunks of flesh in your inventory have rotted away.
Edmund the Younger comes into view.
He is wielding a +3 flail of venom.
The helpless frilled lizard fails to defend itself.
You perforate the frilled lizard like a sieve!!!
You kill the frilled lizard!
Edmund shouts!
You hit Edmund but do no damage. You bite Edmund. You drain his power.
Edmund hits you with a +3 flail of venom.
You are poisoned.
You take 2 damage, and have 40/42 hp.
You now have 17/18 mp.
You barely miss Edmund. You bite Edmund! You drain his power.
You feel invigorated.
You feel sick.
You take 1 damage, and have 39/42 hp.
MP restored: 18 You hit Edmund.
You feel sick.
Edmund hits you with a +3 flail of venom!
You are more poisoned.
You take 9 damage, and have 30/42 hp.
MASSIVE DAMAGE!!
You now have 15/18 mp.
You stomp with the beat, sending a shockwave through the revelers around you!
You are feeling hungry.
You can no longer stomp with the beat.
You feel sick.
Edmund hits you with a +3 flail of venom!
You are lethally poisoned!
You can now stomp with the beat.
You take 6 damage, and have 24/42 hp.
You now have 9/18 mp.
You closely miss Edmund. You bite Edmund. You drain his power.
You feel invigorated.
You feel sick.
You take 2 damage, and have 22/42 hp.
You hit Edmund.
You feel very sick.
Edmund hits you with a +3 flail of venom.
You are more poisoned.
You take 5 damage, and have 17/42 hp.
You now have 8/18 mp.
You hit Edmund but do no damage. You bite Edmund, but do no damage.
You feel sick.
You take 2 damage, and have 15/42 hp.
You hit Edmund but do no damage. Lightning courses through Edmund!
You bite Edmund! You drain his power.
You feel invigorated.
You feel sick.
Edmund hits you with a +3 flail of venom.
* * * LOW HITPOINT WARNING * * *
You are more poisoned.
You can now pass through a line of other dancers.
You take 4 damage, and have 11/42 hp.
You regained 7 mp, and now have 15/18 mp.
It was a potion of might.
You feel very mighty all of a sudden.
* * * LOW HITPOINT WARNING * * *
You feel very sick. Edmund barely misses you.
You take 3 damage, and have 8/42 hp.
It was a potion of degeneration.
There was something very wrong with that liquid.
You feel weakened.
You feel dopey.
You feel clumsy.
* * * LOW HITPOINT WARNING * * *
You feel very sick.
Edmund hits you with a +3 flail of venom.
* * * LOW HITPOINT WARNING * * *
You are more poisoned.
You take 5 damage, and have 3/42 hp.
You now have 13/18 mp.
You puncture Edmund!
You kill Edmund!
You feel your dexterity returning.
Your Invocations skill increases to level 1!
* * * LOW HITPOINT WARNING * * *
You feel very sick.
You take 2 damage, and have 1/42 hp.
It was a potion of haste.
You feel yourself speed up.
You die...

# ..#
##...../$...#####+#####
....
......................
#...#
.....................
#######.#..
..................##
≈....##.##. ........
.......... ≈≈≈≈.##.##.##
.....# .......#.#
...≈.##..#..####)..#
#...##. .#
._....#..##.##..@.##♣≈P..#
.# .#
...≈................≈♣ .
.. .K
≈≈≈≈.###.#.......†..♣≈≈#
## .p
≈......#.....#####.....#
#. ###............. ##...#
#............## ####
#............#
#............#
##......<...##


There were no monsters in sight!

Vanquished Creatures
  Eustachio (D:4)
  Edmund (D:5)
  A sky beast (D:4)
  A phantom (D:4)
  An ogre (D:4)
  A crocodile (Sewer)
  An orc priest (D:4)
  A hound (D:4)
  4 orc wizards
  3 worker ants (D:4)
  A gnoll (D:4)
  4 adders
  A river rat (D:3)
  An ooze (D:4)
  4 worms
  2 dart slugs
  A leopard gecko (D:3)
  17 orcs
  A bat zombie (D:4)
  5 giant cockroaches
  21 goblins
  9 hobgoblins
  4 jackals
  4 quokkas (D:3)
  3 ball pythons
  7 bats
  5 frilled lizards
  15 kobolds
  8 rats
128 creatures vanquished.

Vanquished Creatures (others)
  A fungus (D:5)
  A plant (D:5)
2 creatures vanquished.

Grand Total: 130 creatures vanquished

Notes
Turn   | Place    | Note
-------+----------+-------------------------------------------
     0 | D:1      | Firecrotchwizard the Vine Stalker Assassin began the quest
                  | for the Orb.
     0 | D:1      | Reached XP level 1. HP: 11/11 MP: 2/2
   139 | D:1      | Reached skill level 2 in Short Blades
   175 | D:1      | Reached XP level 2. HP: 15/15 MP: 3/3
   180 | D:1      | Reached skill level 2 in Fighting
   180 | D:1      | Reached skill level 5 in Stealth
  1085 | D:2      | Reached XP level 3. HP: 17/18 MP: 4/4
  1624 | D:2      | Found a glowing golden altar of the Shining One.
  2098 | D:3      | Found a shadowy altar of Dithmenos.
  2105 | D:3      | Found a glowing drain.
  2137 | D:3      | Reached skill level 3 in Short Blades
  2137 | D:3      | Gained mutation: Your natural rate of healing is unusually
                  | fast. [Vine Stalker growth]
  2137 | D:3      | Reached XP level 4. HP: 17/23 MP: 5/5
  2174 | Sewer    | Entered a sewer
  2294 | Sewer    | Noticed a crocodile
  2331 | Sewer    | Killed a crocodile
  2331 | Sewer    | Reached XP level 5. HP: 7/28 MP: 3/6
  2547 | D:3      | Noticed an orc warrior
  2549 | D:3      | Found an iron altar of Okawaru.
  2625 | D:3      | Found a snail-covered altar of Cheibriados.
  2744 | D:3      | Found a stormy altar of Qazlal.
  2795 | D:3      | Reached skill level 3 in Fighting
  2810 | D:3      | Found a bloodstained altar of Trog.
  2834 | D:3      | Found a glowing golden altar of the Shining One.
  2852 | D:3      | Reached skill level 6 in Stealth
  3174 | D:4      | Reached skill level 4 in Short Blades
  3200 | D:4      | Reached XP level 6. HP: 32/32 MP: 7/7
  3243 | D:3      | meem: I am meem, an upgrade of beem built by MalcolmRose
                  | (check out Malcolm's DCSS vids and other projects at
                  | http://youtube.com/malcolmrosegaming). To have me follow
                  | you in your games, type !subscribemeem - to make me go away
                  | forever, type !quitmeem - For help, type: !meem
  3754 | D:4      | Found an ancient bone altar of Kikubaaqudgha.
  3822 | D:4      | Reached XP level 7. HP: 27/36 MP: 8/8
  3824 | D:4      | Reached skill level 5 in Short Blades
  4031 | D:4      | Found a white marble altar of Elyvilon.
  4083 | D:4      | Reached skill level 7 in Stealth
  4127 | D:4      | Reached skill level 4 in Fighting
  4253 | D:4      | Found a staircase to the Ecumenical Temple.
  4253 | D:4      | Noticed Eustachio
  4264 | D:4      | Killed Eustachio
  4267 | D:4      | Gained mutation: You have razor-sharp teeth. [Vine Stalker
                  | growth]
  4267 | D:4      | Reached XP level 8. HP: 38/42 MP: 9/9
  4280 | Temple   | Entered the Ecumenical Temple
  4331 | Temple   | Became a worshipper of Uskayaw the Reveler
  4560 | D:5      | Entered Level 5 of the Dungeon
  4564 | D:5      | Found a runed gate.
  4565 | D:5      | Noticed pmoppi's ghost (novice VSFi)
  4569 | D:5      | Found a runed gate.
  4569 | D:5      | Found a runed gate.
  4767 | D:5      | Noticed Pikel
  4834 | D:5      | Reached * piety under Uskayaw
  4837 | D:5      | Reached skill level 6 in Short Blades
  4837 | D:5      | Reached ** piety under Uskayaw
  5056 | D:5      | Found an opulent altar of Gozag.
  5059 | D:5      | Found Gozag's Platinum Reserve.
  5088 | D:5      | Noticed Edmund
  5099 | D:5      | HP: 8/42 [poisoned by Edmund]
  5100 | D:5      | HP: 3/42 [Edmund/+3 flail of venom (1)]
  5101 | D:5      | Killed Edmund
  5101 | D:5      | Reached skill level 1 in Invocations
  5101 | D:5      | HP: 1/42 [poisoned by Edmund]
  5102 | D:5      | Succumbed to Edmund's poison

Vault maps used:
D:1:      ncdulo_lavacross
D:2:      tso_altar
D:3:      lightli_temple_of_fire, old_standard_altar,
          nicolae_overflow_hidden_temple, grunt_temple_overflow_open,
          first_ration, cheibrodos_sewer_entry_sluice, serial_glass,
          glass_columns_b, glass_columns_c, glass_columns_a, glass_columns_a,
          glass_columns_b, glass_columns_a, glass_columns_b, glass_columns_b
D:4:      corexii_shantytown, lemuel_zombie_altar_kikubaaqudgha,
          kennysheep_mini_moat, minmay_temple_entry_glass, uniq_eustachio
D:5:      minmay_chambers_of_threes, nicolae_gozag_zags_fifth_avenue,
          serial_bayou, serial_bayou_shore_b, serial_bayou_pond_d,
          serial_bayou_pond_a, serial_bayou_lagoon_a, serial_bayou_pond_c,
          gammafunk_ghost_nasty_kobolds, uniq_edmund, uniq_pikel
Temple:   eino_wide_crystal_templ
Sewer:    sewer_the_crocodile

Skill      XL: |  1  2  3  4  5  6  7  8 |
---------------+-------------------------+-----
Short Blades   | 2 3 4 5 6 |  6.3
Fighting       | 2 3 4 |  4.5
Stealth        | 5 6 7 |  7.4
Invocations    | 1 |  1.2
Throwing       | |  1.7
Dodging        | |  0.7

Action                   |  1- 3 |  4- 6 |  7- 9 || total
-------------------------+-------+-------+-------++-------
Melee: Dagger            |   102 |   178 |    66 ||   346
       Bite              |    23 |    38 |    19 ||    80
 Fire: Blowgun           |       |     5 |       ||     5
Invok: Stomp             |       |       |     2 ||     2
  Use: Potion            |       |       |     3 ||     3
 Stab: Sleeping          |     6 |    26 |     2 ||    34
  Eat: Chunk             |     3 |     6 |     4 ||    13
Armor: Robe              |    27 |    39 |     3 ||    69
Dodge: Dodged            |    58 |    75 |    19 ||   152

Table legend:
 A = Non-vault XP
 B = Vault XP
 C = Vault XP percentage of total XP
 D = Non-vault monster count
 E = Vault monster count
 F = Vault count percentage of total count
                 A         B        C        D         E       F
            +---------+---------+-------+---------+---------+-------
      Total |     904 |     580 |  39.1 |      86 |      42 |  32.8
            +---------+---------+-------+---------+---------+-------
        D:1 |      24 |       0 |   0.0 |      17 |       0 |   0.0
        D:2 |      35 |       0 |   0.0 |      17 |       0 |   0.0
        D:3 |     127 |      20 |  13.6 |      28 |       3 |   9.7
        D:4 |     633 |     274 |  30.2 |      20 |      32 |  61.5
        D:5 |      85 |     169 |  66.5 |       4 |       1 |  20.0
      Sewer |       0 |     117 | 100.0 |       0 |       6 | 100.0
            +---------+---------+-------+---------+---------+-------

Vault maps used:
D:1:      ncdulo_lavacross
D:2:      tso_altar
D:3:      lightli_temple_of_fire, old_standard_altar,
          nicolae_overflow_hidden_temple, grunt_temple_overflow_open,
          first_ration, cheibrodos_sewer_entry_sluice, serial_glass,
          glass_columns_b, glass_columns_c, glass_columns_a, glass_columns_a,
          glass_columns_b, glass_columns_a, glass_columns_b, glass_columns_b
D:4:      corexii_shantytown, lemuel_zombie_altar_kikubaaqudgha,
          kennysheep_mini_moat, minmay_temple_entry_glass, uniq_eustachio
D:5:      minmay_chambers_of_threes, nicolae_gozag_zags_fifth_avenue,
          serial_bayou, serial_bayou_shore_b, serial_bayou_pond_d,
          serial_bayou_pond_a, serial_bayou_lagoon_a, serial_bayou_pond_c,
          gammafunk_ghost_nasty_kobolds, uniq_edmund, uniq_pikel
Temple:   eino_wide_crystal_templ
Sewer:    sewer_the_crocodile

Table legend:
 A = Turns spent in this place as a percentage of turns spent in the entire game.
 B = Non-inter-level travel turns spent in this place as a percentage of non-inter-level travel turns spent in the entire game.
 C = Inter-level travel turns spent in this place as a percentage of turns spent in this place.
 D = Turns resting spent in this place as a percentage of non-inter-level travel turns spent in this place.
 E = Turns spent auto-exploring this place as a percentage of non-inter-level travel turns spent in this place.
 F = Non-inter-level travel turns spent in this place divided by the number of levels of this place that you've seen.
                   A       B       C       D       E      F
               +-------+-------+-------+-------+-------+----------------------
         Total | 100.0 | 100.0 |   7.5 |  15.3 |  60.4 | 674.1
       Dungeon |  92.7 |  92.5 |   7.6 |  13.3 |  63.2 | 873.4
        Temple |   1.5 |   1.1 |  29.7 |   0.0 |  90.4 |  52.0
         Sewer |   5.9 |   6.4 |   0.0 |  47.3 |  14.0 | 300.0
               +-------+-------+-------+-------+-------+----------------------

Table legend:
 A = Kills in this place as a percentage of kills in entire the game.
 B = Kills by you in this place as a percentage of kills by you in the entire game.
 C = Kills by friends in this place as a percentage of kills by friends in the entire game.
 D = Other kills in this place as a percentage of other kills in the entire game.
 E = Experience gained in this place as a percentage of experience gained in the entire game.
 F = Experience gained in this place divided by the number of levels of this place that you have seen.
                   A       B       C       D       E      F
               +-------+-------+-------+-------+-------+----------------------
         Total | 100.0 | 100.0 |   N/A |   N/A | 100.0 | 212.0
       Dungeon |  95.3 |  95.3 |   N/A |   N/A |  92.1 | 273.4
         Sewer |   4.7 |   4.7 |   N/A |   N/A |   7.9 | 117.0
               +-------+-------+-------+-------+-------+----------------------
